 Dungeon Crawl Stone Soup version 0.23.2 (webtiles) character file.

Game seed: 14321678893139868575

4536 Menchi the Covert (level 10, 0/53 HPs)
             Began as a Kobold Assassin on Apr 9, 2019.
             Was a Believer of Dithmenos.
             Succumbed to a killer bee's poison
             ... on level 8 of the Dungeon.
             The game lasted 00:16:02 (7468 turns).

Menchi the Covert (Kobold Assassin)                 Turns: 7468, Time: 00:16:03

Health: 0/53       AC:  7    Str: 12    XL:     10   Next: 66%
Magic:  0/21       EV: 23    Int: 13    God:    Dithmenos [**....]
Gold:   384        SH:  0    Dex: 18    Spells: 9/9 levels left

rFire    . . .     SeeInvis .   s - +10 falchion "Orailuj" {drain, Str+2}
rCold    . . .     Gourm    .   (shield restricted)
rNeg     . . .     Faith    .   c - +0 robe
rPois    .         Spirit   +   (no helmet)
rElec    .         Reflect  .   d - +0 cloak
rCorr    .         Harm     .   i - +0 pair of gloves
MR       .....                  (no boots)
Stlth    +++++++...             h - amulet of guardian spirit
HPRegen  0.17/turn              v - ring of magical power
MPRegen  0.17/turn              t - +3 ring of protection

@: lethally poisoned (0 -> -1), wreathed by umbra
A: small, carnivore
a: Shadow Step, Renounce Religion


You were on level 8 of the Dungeon.
You worshipped Dithmenos.
Dithmenos was pleased with you.
You were full.

You visited 2 branches of the dungeon, and saw 9 of its levels.

You collected 384 gold pieces.

Inventory:

Hand Weapons
 b - a +0 blowgun
 s - the +10 falchion "Orailuj" (weapon) {drain, Str+2}
   (You found it on level 6 of the Dungeon)

   A truly terrible weapon, it drains the life of those it strikes.
   It affects your strength (+2).
 B - the +0 dagger of Wu Jian's Castigation {pain, MR+ Int+2 Dex+7}
   (You found it on level 5 of the Dungeon)

   In the hands of one skilled in necromantic magic, it inflicts extra damage on
   living creatures.
   It affects your intelligence (+2).
   It affects your dexterity (+7).
   It affects your resistance to hostile enchantments.
Missiles
 e - 39 poisoned needles
 f - 2 curare-tipped needles
Armour
 c - a +0 robe (worn)
 d - a +0 cloak (worn)
 i - a +0 pair of gloves (worn)
Jewellery
 h - an amulet of guardian spirit (around neck)
 l - an uncursed ring of flight
 t - a +3 ring of protection (right hand)
 v - a ring of magical power (left hand)
 y - an uncursed amulet of regeneration
Wands
 a - a wand of enslavement (6)
Scrolls
 j - 7 scrolls of identify
 o - a scroll of immolation
 p - 5 scrolls of remove curse
 q - 3 scrolls of amnesia
 A - a scroll of silence {unknown}
 C - a scroll of fog
Potions
 k - a potion of invisibility
 m - 2 potions of brilliance {unknown}
 n - 2 potions of lignification {unknown}
 r - 3 potions of agility {unknown}
 u - 2 potions of mutation {unknown}
 w - a potion of haste {unknown}
 x - a potion of cancellation {unknown}
 z - 2 potions of degeneration {unknown}
 D - a potion of curing {unknown}
Comestibles
 g - 11 rations


   Skills:
 - Level 2.1 Fighting
 * Level 10.0 Short Blades
 - Level 0.2(3.9) Long Blades
 - Level 2.1 Throwing
 * Level 10.2 Dodging
 * Level 13.3 Stealth
 * Level 3.9 Evocations


You had 9 spell levels left.
You didn't know any spells.
Your spell library contained the following spells:

 Spells                   Type           Power        Failure   Level  Hunger
 Animate Skeleton         Necr           N/A          30%         1    ##.....
 Apportation              Tloc           #.....       30%         1    ##.....
 Freeze                   Ice            #...         30%         1    ##.....
 Magic Dart               Conj           #...         30%         1    ##.....
 Pain                     Necr           #...         30%         1    ##.....
 Blink                    Tloc           N/A          43%         2    ###....
 Call Imp                 Summ           #.......     43%         2    ###....
 Shroud of Golubria       Chrm/Tloc      #.........   43%         2    ###....
 Slow                     Hex            #.......     43%         2    ###....
 Conjure Flame            Conj/Fire      #.......     67%         3    ####...
 Gell's Gravitas          Tloc           #.........   67%         3    ####...
 Mephitic Cloud           Conj/Pois/Air  #.......     67%         3    ####...
 Recall                   Summ/Tloc      N/A          67%         3    ####...
 Regeneration             Chrm/Necr      #.........   67%         3    ####...
 Vampiric Draining        Necr           #.........   67%         3    ####...
 Animate Dead             Necr           N/A          97%         4    #####..
 Throw Icicle             Conj/Ice       #.......     97%         4    #####..
 Freezing Cloud           Conj/Ice/Air   #.........   100%        6    #######


Dungeon Overview and Level Annotations

Branches:
Dungeon (8/15)             Temple (1/1) D:5            Lair (0/6) D:8

Altars:
Ashenzari
Cheibriados
Dithmenos
Elyvilon
Fedhas
Gozag
Hepliaklqana
Kikubaaqudgha
Makhleb
Nemelex Xobeh
Okawaru
Qazlal
Ru
Sif Muna
Trog
Uskayaw
Wu Jian
Xom
Yredelemnul
Zin
The Shining One

Annotations:
D:3 3 runed translucent doors, Marnok's ghost, amateur GnFi
D:5 2 transporters, Descartes's ghost, novice FoFi


Innate Abilities, Weirdness & Mutations

You are small and have problems with some larger weapons.
You are carnivorous and can eat meat at any time.


Message History

You feel sick. Something hits you but does no damage. Grum misses you.
You riposte.
You barely miss Grum.
Grum is moderately wounded.
You completely miss Grum.
Grum is moderately wounded.
Something hits you but does no damage. Grum completely misses you.
You riposte.
You slash Grum! You drain Grum.
Grum is severely wounded.
You slash Grum! You drain Grum.
You kill Grum!
Dithmenos accepts your kill.
Your Short Blades skill increases to level 10!
Something closely misses you. x2
You barely miss the killer bee. The killer bee stings you!
* * * LOW HITPOINT WARNING * * *
The killer bee completely misses you.
You riposte.
You barely miss the killer bee. Something hits you but does no damage.
You hit the killer bee.
The killer bee is heavily wounded.
You die...

...o.. #. #..## #. ...... #.
....##.. #....## #% ##..y....
#.....##. #...... ##.....#.#
###....# . #........####......# .
#.............# #.y####....††.##
. #{@## ##.>.....# .. ##..#
#..†....## .## #..####..##....##
..####..# ##..##...####...##
##........# ##.......## ##...#
##... ....## #........# ###..
#..# #......#..#..##..## ###.
#..###...###...##..###..######...
.......# #...##...# ##..#......#


You could see a killer bee.

Vanquished Creatures
  Prince Ribbit (D:6)
  2 hippogriffs
  Grum (D:8)
  A hungry ghost (D:8)
  2 ice beasts
  An orc warrior (D:6)
  4 ogres
  2 phantoms
  4 wolves (D:8)
  2 centaurs
  4 bullfrogs
  10 killer bees (D:8)
  16 wights
  4 howler monkeys
  2 bullfrog zombies
  2 crimson imps
  A centaur skeleton (D:4)
  3 hounds
  A bullfrog skeleton (D:7)
  3 orc wizards
  4 iguanas
  8 worker ants
  2 hound zombies (D:5)
  3 hound skeletons
  A worker ant zombie (D:4)
  11 adders
  2 oozes (D:3)
  2 adder zombies (D:7)
  2 worms
  3 leopard geckos
  13 orcs
  2 ball pythons
  9 bats
  6 giant cockroaches
  4 goblins
  8 hobgoblins
  6 jackals
  4 quokkas
  11 kobolds
  2 rats
169 creatures vanquished.

Vanquished Creatures (others)
  5 plants (D:5)
5 creatures vanquished.

Grand Total: 174 creatures vanquished

Notes
Turn   | Place    | Note
-------+----------+-------------------------------------------
     0 | D:1      | Menchi the Kobold Assassin began the quest for the Orb.
     0 | D:1      | Reached XP level 1. HP: 12/12 MP: 1/1
   115 | D:1      | Reached XP level 2. HP: 17/17 MP: 2/2
   184 | D:1      | Reached skill level 6 in Stealth
   531 | D:1      | Reached XP level 3. HP: 21/21 MP: 3/3
   998 | D:2      | Reached XP level 4. HP: 26/26 MP: 4/4
  1018 | D:2      | Found a burning altar of Makhleb.
  1418 | D:2      | Found a faded altar of an unknown god.
  1440 | D:2      | Reached skill level 7 in Stealth
  1489 | D:2      | Found an iron altar of Okawaru.
  1489 | D:2      | Found an ornate altar of the Wu Jian Council.
  1491 | D:2      | Found a shimmering altar of Xom.
  1491 | D:2      | Found a hide-covered altar of Uskayaw.
  1491 | D:2      | Found a burning altar of Makhleb.
  1707 | D:3      | Reached XP level 5. HP: 30/30 MP: 5/5
  1779 | D:3      | Found a white marble altar of Elyvilon.
  2072 | D:3      | Found an opulent altar of Gozag.
  2156 | D:3      | Reached skill level 8 in Stealth
  2491 | D:3      | Found a runed translucent gate.
  2492 | D:3      | Found a runed translucent gate.
  2493 | D:3      | Found a runed translucent gate.
  2493 | D:3      | Noticed Marnok's ghost (amateur GnFi)
  2493 | D:3      | Noticed a big kobold
  2494 | D:3      | Identified the +3 dagger "Synoh" {drain, +Fly rPois}
  2594 | D:4      | Reached XP level 6. HP: 28/35 MP: 6/6
  3146 | D:4      | Reached skill level 5 in Short Blades
  3146 | D:4      | Reached skill level 9 in Stealth
  3146 | D:4      | Reached XP level 7. HP: 28/40 MP: 7/7
  3348 | D:5      | Entered Level 5 of the Dungeon
  3354 | D:5      | Got a smoking dagger
  3355 | D:5      | Identified the cursed +0 dagger of Wu Jian's Castigation
                  | {pain, MR+ Int+2 Dex+7} (You found it on level 5 of the
                  | Dungeon)
  3440 | D:5      | Found a staircase to the Ecumenical Temple.
  3448 | Temple   | Entered the Ecumenical Temple
  3956 | D:5      | Reached XP level 8. HP: 38/44 MP: 8/8
  4043 | D:5      | Identified the +2 buckler "Parun" {rF+ Dex+3}
  4069 | D:5      | Reached skill level 10 in Stealth
  4133 | D:5      | Noticed Descartes's ghost (novice FoFi)
  4207 | D:5      | Reached skill level 5 in Dodging
  4345 | D:5      | Found a transporter.
  4345 | D:5      | Found a transporter.
  4358 | D:5      | Found a shadowy altar of Dithmenos.
  4366 | D:5      | Became a worshipper of Dithmenos the Shadowed
  5078 | D:6      | Found an ancient bone altar of Kikubaaqudgha.
  5112 | D:6      | Got an ancient falchion
  5113 | D:6      | Identified the +10 falchion "Orailuj" {drain, Str+2} (You
                  | found it on level 6 of the Dungeon)
  5128 | D:6      | Reached XP level 9. HP: 29/48 MP: 9/9
  5209 | D:6      | Reached skill level 11 in Stealth
  5689 | D:6      | Noticed Prince Ribbit
  5695 | D:6      | Killed Prince Ribbit
  5695 | D:6      | Reached skill level 1 in Evocations
  5794 | D:6      | Reached * piety under Dithmenos
  6073 | D:6      | Found a sparkling altar of Nemelex Xobeh.
  6074 | D:6      | Found a hazy altar of Hepliaklqana.
  6116 | D:7      | Found a stormy altar of Qazlal.
  6491 | D:7      | Noticed a hippogriff
  6502 | D:7      | Killed a hippogriff
  6649 | D:7      | Reached skill level 12 in Stealth
  6649 | D:7      | Reached XP level 10. HP: 53/53 MP: 12/12
  6969 | D:7      | Reached ** piety under Dithmenos
  7037 | D:7      | Found a shattered altar of Ashenzari.
  7069 | D:7      | Identified the Grimoire of the Unstable Frostbite
  7207 | D:8      | Found a staircase to the Lair.
  7350 | D:8      | Found a sacrificial altar of Ru.
  7422 | D:8      | Reached skill level 13 in Stealth
  7448 | D:8      | Noticed Grum
  7457 | D:8      | Reached skill level 10 in Dodging
  7466 | D:8      | Killed Grum
  7466 | D:8      | Reached skill level 10 in Short Blades
  7467 | D:8      | HP: 1/53 [killer bee (4)]
  7468 | D:8      | Succumbed to a killer bee's poison

Skill      XL: |  1  2  3  4  5  6  7  8  9 10 |
---------------+-------------------------------+-----
Stealth        | 6 7 8 9 10 12 13 | 13.3
Short Blades   | 3 4 5 6 8 9 10 | 10.0
Dodging        | 2 3 4 6 8 10 | 10.2
Evocations     | 2 3 |  3.9
Fighting       | |  2.1
Long Blades    | |  0.2
Throwing       | |  2.1

Action                   |  1- 3 |  4- 6 |  7- 9 | 10-12 || total
-------------------------+-------+-------+-------+-------++-------
Melee: Dagger            |    57 |   192 |   316 |       ||   565
       Falchion          |       |       |   109 |    83 ||   192
  Use: Scroll            |       |     3 |     4 |       ||     7
 Stab: Sleeping          |    17 |    14 |    18 |     3 ||    52
       Distracted        |       |     1 |     2 |       ||     3
  Eat: Chunk             |     9 |     6 |    12 |     2 ||    29
Armor: Robe              |    10 |    29 |    37 |    17 ||    93
Dodge: Dodged            |    39 |   137 |   339 |   165 ||   680
       Rpst.: Falchion   |       |       |    36 |    53 ||    89
